 Dungeon Crawl Stone Soup version 0.31.0-32-g396128a36d (webtiles) character file.

Game seed: 8499612629272340543

8707 Mesmaeker13 the Skirmisher (level 11, -2/85 (90) HPs)
             Began as a Barachi Hunter on Apr 19, 2024.
             Was a Believer of Okawaru.
             Killed from afar by Josephine (33 damage)
             ... with a ghostly fireball
             ... on level 10 of the Dungeon.
             The game lasted 00:33:02 (10026 turns).

Mesmaeker13 the Skirmisher (Barachi Hunter)        Turns: 10026, Time: 00:33:03

HP:   -2/85 (90)    AC: 10    Str: 13    XL:     11   Next: 35%
MP:   11/11         EV: 16    Int:  9    God:    Okawaru [**....]
Gold: 602           SH:  0    Dex: 20    Spells: 10/10 levels left

rFire   . . .        l - +1 battleaxe (elec)
rCold   . . .        (shield currently unavailable)
rNeg    . . .        s - +0 troll leather armour {Pargi}
rPois   +            f - +1 helmet
rElec   .            K - +1 cloak {Stlth+}
rCorr   .            P - +1 pair of gloves
SInv    .            (no boots)
Will    .....        (no amulet)
Stlth   +++          e - ring of poison resistance
HPRegen 1.14/turn    u - ring of flight
MPRegen 0.12/turn

%: no passive effects
@: unable to hop, flying, slowed, drained, very slow
A: amphibious, slowness 1, strong legs 1, +LOS
a: Hop, Renounce Religion, Heroism


You were on level 10 of the Dungeon.
You worshipped Okawaru.
Okawaru was pleased with you.
You visited 2 branches of the dungeon, and saw 11 of its levels.
You also visited: Ossuary.

You collected 602 gold pieces.

Inventory:

Hand Weapons
 l - a +1 battleaxe of electrocution (weapon)
 r - a +1 whip of freezing
 w - a +1 falchion of holy wrath
 x - a +2 orcbow
 N - a +3 long sword
Armour
 f - a +1 helmet (worn)
 s - a +0 troll leather armour (worn) {Pargi}
 K - a +1 cloak of stealth (worn)
 P - a +1 pair of gloves (worn)
Jewellery
 e - a ring of poison resistance (left hand)
 u - a ring of flight (right hand)
 G - a ring of positive energy
 R - a ring of magical power
Wands
 b - a wand of roots (14)
 m - a wand of paralysis (4)
 H - a wand of digging (5)
Scrolls
 a - 2 scrolls of blinking {unknown}
 g - 2 scrolls of enchant armour
 i - 4 scrolls of teleportation
 j - a scroll of fog
 n - 2 scrolls of summoning {unknown}
 y - a scroll of immolation {unknown}
 B - a scroll of vulnerability {unknown}
 C - a scroll of poison {unknown}
 D - 2 scrolls of noise {unknown}
 I - a scroll of torment
 L - 2 scrolls of revelation {unknown}
 M - a scroll of enchant weapon
Potions
 c - 4 potions of heal wounds
 h - a potion of invisibility {unknown}
 k - 3 potions of might
 o - 6 potions of curing
 p - 2 potions of resistance {unknown}
 t - a potion of mutation {unknown}
 v - a potion of haste {unknown}
 z - a potion of ambrosia {unknown}
 A - 2 potions of lignification {unknown}
 Q - a potion of magic {unknown}
Miscellaneous
 d - a sack of spiders
 E - a phial of floods (inert)


   Skills:
 + Level 9.7 Fighting
 * Level 11.8 Ranged Weapons
 + Level 5.5 Armour
 - Level 7.1 Dodging
 - Level 0.8 Stealth
 + Level 8.1 Evocations


You had 10 spell levels left.
You didn't know any spells.
Your spell library contained the following spells:

 Spells                   Type           Power      Damage    Failure   Level
 Slow                     Hex            0%         N/A       45%         1
 Sting                    Conj/Alch      0%         1d3       45%         1
 Mercury Vapours          Alch/Air       0%         N/A       58%         2
 Sublimation of Blood     Necr           0%         N/A       58%         2
 Confusing Touch          Hex            0%         N/A       83%         3
 Inner Flame              Hex/Fire       0%         N/A       83%         3
 Mephitic Cloud           Conj/Alch/Air  0%         N/A       83%         3
 Sigil of Binding         Hex            0%         N/A       83%         3
 Vampiric Draining        Necr           0%         2d6       83%         3
 Volatile Blastmotes      Fire/Tloc      0%         2d10      83%         3
 Dimensional Bullseye     Hex/Tloc       0%         N/A       99%         4
 Flame Wave               Conj/Fire      0%         2d4       99%         4
 Fulminant Prism          Conj/Alch      0%         3d5       99%         4
 Iskenderun's Mystic Bla  Conj/Tloc      0%         2d3       99%         4
 Olgreb's Toxic Radiance  Alch           0%         N/A       99%         4
 Sticky Flame             Fire/Alch      0%         2d4       99%         4
 Freezing Cloud           Conj/Ice/Air   0%         6-21      100%        5
 Irradiate                Conj/Alch      0%         3d11      100%        5
 Ignition                 Fire           0%         3d3       100%        8
 Call Imp                 Summ           Unusable   N/A       N/A         2
 Call Canine Familiar     Summ           Unusable   N/A       N/A         3
 Summon Hydra             Summ           Unusable   N/A       N/A         7

Dungeon Overview and Level Annotations

Branches:
Dungeon (10/15)            Temple (1/1) D:5            Lair (0/5) D:10
Ossuary (visited)
    Orc: D:9-12

Altars:
Ashenzari
Cheibriados
Dithmenos
Elyvilon
Fedhas
Gozag
Hepliaklqana
Kikubaaqudgha
Makhleb
Nemelex Xobeh
Okawaru
Qazlal
Ru
Sif Muna
Trog
Uskayaw
Vehumet
Wu Jian
Xom
Yredelemnul
Zin
The Shining One

Shops:
D:5 :   D:9 (

Annotations:
D:10 Josephine


Innate Abilities, Weirdness & Mutations

You are amphibious.
You cover ground slowly.
You can hop short distances.
You have an extended range of vision and can be seen from far away.


Message History

You feel as though you will be slow longer.
The orc warrior barely misses you.
Hop to where?
Press: ? - help, Dir - move target, p - wraith Boing!
Unknown command.
Aiming: Throw Flame
Press: ? - help, Shift-Dir - straight line, f - wraith
Aim: a wraith (almost destroyed, 76% to hit)
The puff of flame misses the wraith.
The puff of flame hits the orc warrior.
The orc warrior is lightly wounded.
Unknown command.
Aiming: Throw Flame
Press: ? - help, Shift-Dir - straight line, f/p - wraith
Aim: a wraith (almost destroyed, 76% to hit)
The puff of flame hits the wraith.
You destroy the wraith!
Okawaru accepts your kill.
The now-empty wand crumbles to dust.
The orc warrior hits you from afar with a +0 halberd.
Aiming: Paralyse
Press: ? - help, Shift-Dir - straight line, f - orc warrior
Aim: an orc warrior, wielding a +0 halberd, wearing a +0 chain mail and quivering stones (lightly wounded, chance to affect: 67%)
The orc warrior struggles to resist.
The orc warrior hits you from afar with a +0 halberd!
* * * LOW HITPOINT WARNING * * *
Aiming: Paralyse
Press: ? - help, Shift-Dir - straight line, f/p - orc warrior
Aim: an orc warrior, wielding a +0 halberd, wearing a +0 chain mail and quivering stones (lightly wounded, chance to affect: 67%)
The orc warrior suddenly stops moving!
Josephine the Decaying Necromancer comes into view.
She is wielding a +4 dagger and wearing a +2 robe of willpower.
Josephine screams, "Die!"
The helpless orc warrior fails to defend itself.
You hit the orc warrior.
Lightning courses through the orc warrior!
The orc warrior is severely wounded.
Josephine points at you and mumbles some strange words.
The ghostly flame explodes!
The ghostly fireball engulfs you!!
You feel drained.
You die...

#.### ##'## ###.##### #.
#.# #.# #.# #. #.# #.# #.#
#. #.# ##.## #.# #. #.####
##...######### #.# #.
.....# #..~.........# #>#
#. #.##.## ##...#....>..#
#.# #. #.....#
##.##.o..<..###.# ##
####..#####.##..@........#
# #........†........#####
####.###.##.##.......#
~<...##......#.......#
#####...P........#####
#......).P.#.# #
#.......(.@P..# #
#...........P.# #
#.P............# #


You could see Josephine and an orc warrior (paralysed).

Vanquished Creatures
  2 two-headed ogres (D:10)
  Maurice (D:8)
  Jeremiah (D:6)
  Psyche (D:9)
  3 hornets (D:10)
  A troll (D:10)
  3 wyverns
  11 yaks
  A wraith (D:10)
  A steam dragon (D:9)
  2 water moccasins
  An acid dragon (D:10)
  Pargi (D:4)
  A sky beast (D:7)
  A black bear (D:10)
  2 ogres (D:4)
  2 centaurs
  2 phantoms
  A weeping skull (Ossuary)
  A kobold brigand (D:9)
  Blork the orc (D:6)
  3 bullfrogs
  3 water moccasin zombies (Ossuary)
  5 scorpions
  5 wights (D:9)
  3 jellies
  A bombardier beetle (D:4)
  3 gnoll boudas
  2 hounds
  A spectral scorpion (Ossuary)
  3 orc priests
  Crazy Yiuf (D:6)
  Ijyb (D:3)
  3 sleepcaps
  4 iguanas
  7 orc wizards
  Natasha (thrice) (D:3)
  A crocodile zombie (Ossuary)
  A bullfrog simulacrum (Ossuary)
  3 mummies
  18 gnolls
  11 adders
  2 white imps
  3 adder zombies (Ossuary)
  2 ribbon worms
  4 dart slugs
  29 orcs
  6 ball pythons
  4 bats
  4 endoplasms
  2 giant cockroaches (D:1)
  9 gnoll zombies (Ossuary)
  9 goblins
  6 hobgoblins
  8 jackals
  14 kobolds
  2 quokkas
  4 frilled lizards
  A goblin zombie (D:6)
  A hobgoblin zombie (D:6)
  A jackal skeleton (D:5)
  8 jackal zombies (Ossuary)
  A kobold zombie (D:5)
  2 orc zombies (Ossuary)
  4 rats
248 creatures vanquished.

Vanquished Creatures (others)
  An adder zombie (Ossuary)
  A jackal zombie (Ossuary)
2 creatures vanquished.

Grand Total: 250 creatures vanquished

Notes
Turn   | Place    | Note
-------+----------+-------------------------------------------
     0 | D:1      | Mesmaeker13 the Barachi Hunter began the quest for the Orb.
     0 | D:1      | Reached XP level 1. HP: 17/17 MP: 1/1
    60 | D:1      | Reached XP level 2. HP: 23/23 MP: 2/2
   350 | D:1      | Reached XP level 3. HP: 28/28 MP: 3/3
   560 | D:2      | Reached XP level 4. HP: 29/35 MP: 4/4
  1063 | D:3      | Noticed Ijyb
  1065 | D:3      | Paralysed by Ijyb for 5 turns
  1077 | D:3      | Killed Ijyb
  1078 | D:3      | Reached skill level 5 in Ranged Weapons
  1162 | D:3      | Reached XP level 5. HP: 41/41 MP: 5/5
  1277 | D:3      | Noticed Natasha
  1289 | D:3      | Killed Natasha
  1290 | D:3      | Reached skill level 1 in Evocations
  1337 | D:3      | Noticed Natasha
  1344 | D:3      | Killed Natasha
  1427 | D:3      | Noticed Natasha
  1439 | D:3      | Killed Natasha
  1688 | D:4      | Noticed an ogre
  1696 | D:4      | Killed an ogre
  1697 | D:4      | Reached XP level 6. HP: 48/48 MP: 6/6
  1969 | D:4      | Reached skill level 6 in Ranged Weapons
  1988 | D:4      | Reached XP level 7. HP: 55/55 MP: 7/7
  2324 | D:4      | Found an opulent altar of Gozag.
  2463 | D:4      | Reached skill level 5 in Fighting
  2703 | D:4      | Noticed Pargi
  2728 | D:4      | Killed Pargi
  2729 | D:4      | Reached skill level 7 in Ranged Weapons
  2729 | D:4      | Reached XP level 8. HP: 62/63 MP: 8/8
  2889 | D:4      | Reached skill level 5 in Dodging
  3107 | D:5      | Entered Level 5 of the Dungeon
  3219 | D:5      | Found Xiefrurph's Book Emporium.
  3397 | D:5      | Found a staircase to the Ecumenical Temple.
  3413 | Temple   | Entered the Ecumenical Temple
  3890 | D:5      | Found a runed translucent door.
  3893 | D:5      | Found a basalt altar of Yredelemnul.
  4138 | D:6      | Noticed Blork the orc
  4272 | D:6      | Found a sand-covered staircase.
  4289 | Ossuary  | Entered an ossuary
  4321 | Ossuary  | Reached skill level 8 in Ranged Weapons
  4502 | Ossuary  | Reached XP level 9. HP: 69/71 MP: 9/9
  4655 | D:6      | Reached skill level 5 in Evocations
  4871 | D:6      | Found a runed translucent door.
  4872 | D:6      | Noticed Crazy Yiuf
  5172 | D:6      | Noticed Jeremiah
  5178 | D:6      | Killed Jeremiah
  5192 | D:6      | Killed Blork the orc
  5523 | D:6      | Killed Crazy Yiuf
  5615 | D:7      | Reached skill level 9 in Ranged Weapons
  5652 | D:7      | Found a hazy altar of Hepliaklqana.
  5654 | D:7      | Found a sacrificial altar of Ru.
  5655 | D:7      | Found a glowing silver altar of Zin.
  6863 | D:8      | Reached XP level 10. HP: 70/80 MP: 10/10
  6910 | D:8      | Reached skill level 1 in Armour
  6928 | D:8      | Reached skill level 10 in Ranged Weapons
  7086 | D:8      | Found a broken altar of Ashenzari.
  7109 | D:8      | Noticed Maurice
  7110 | D:8      | Paralysed by Maurice for 3 turns
  7116 | D:8      | Paralysed by Maurice for 3 turns
  7132 | D:8      | Paralysed by something for 2 turns
  7179 | D:8      | Paralysed by Maurice for 3 turns
  7182 | D:8      | Maurice stole a +1 falchion of holy wrath
  7185 | D:8      | Something stole 20 poisoned darts
  7186 | D:8      | Paralysed by something for 5 turns
  7187 | D:8      | Something stole a phial of floods (inert)
  7188 | D:8      | Something stole a ring of wizardry
  7194 | D:8      | Something stole 476 gold
  7229 | D:8      | Paralysed by something for 4 turns
  7236 | D:8      | Paralysed by something for 4 turns
  7420 | D:8      | Killed Maurice
  8256 | D:9      | Found Zibb's Weapon Shoppe.
  8386 | D:9      | Found a shadowy altar of Dithmenos.
  8485 | D:9      | Found a shimmering altar of Xom.
  8825 | D:9      | Found a sparkling altar of Nemelex Xobeh.
  8827 | D:9      | Found a blossoming altar of Fedhas.
  8828 | D:9      | Found an iron altar of Okawaru.
  8831 | D:9      | Found a glowing golden altar of the Shining One.
  8838 | D:9      | Became a worshipper of Warmaster Okawaru
  9160 | D:10     | Entered Level 10 of the Dungeon
  9188 | D:10     | Noticed a two-headed ogre
  9190 | D:10     | Reached * piety under Okawaru
  9191 | D:10     | Reached skill level 11 in Ranged Weapons
  9267 | D:10     | Noticed Psyche
  9484 | D:9      | Paralysed by something for 2 turns
  9502 | D:9      | Paralysed by something for 2 turns
  9513 | D:9      | Paralysed by something for 2 turns
  9518 | D:9      | Killed Psyche
  9519 | D:9      | Reached XP level 11. HP: 89/89 MP: 11/11
  9612 | D:10     | Found a stormy altar of Qazlal.
  9638 | D:10     | Noticed a two-headed ogre
  9649 | D:10     | Killed a two-headed ogre
  9856 | D:10     | Reached skill level 5 in Armour
  9954 | D:10     | Reached ** piety under Okawaru
  9960 | D:10     | Found a staircase to the Lair.
  9994 | D:10     | Killed a two-headed ogre
 10024 | D:10     | Noticed Josephine
 10026 | D:10     | Killed from afar by Josephine

Illustrated notes

Levels and vault maps discovered:
D:1:      minmay_arrival_up_and_down, layout_rooms
D:2:      layout_rooms, minmay_pentomino_u4
D:3:      layout_rooms, uniq_ijyb, uniq_natasha
D:4:      layout_loops_corners, grunt_gozag_breadcrumbs, glass_columns_a,
          uniq_pargi
D:5:      layout_basic, dk_yredelemnul_ordeal, minmay_temple_entry_stoned_glass,
          serial_shops, shop
D:6:      layout_layer_cave, nicolae_ossuary_entry_giza, uniq_jeremiah,
          uniq_blork_the_orc, uniq_crazy_yiuf_cottage
D:7:      layout_layer_cave, grunt_temple_overflow_open
D:8:      layout_loops_ring, nicolae_ashenzari_panopticon, uniq_maurice
D:9:      layout_stronghold, minitemple, grunt_dithmenos_smoke_and_mirrors,
          lemuel_coloured_pillars_altar, serial_shops, shop
D:10:     minmay_spotlight, layout_loops_corners,
          mainiacjoe_overflow_cross_hatched, due_lair_maze_entry_diamond,
          minmay_misc_feat_doors, solitary_fountain, uniq_psyche, uniq_josephine
Temple:   hellmonk_temple_beads

Skill      XL: |  1  2  3  4  5  6  7  8  9 10 11 |
---------------+----------------------------------+-----
Fighting       | 3 4 5 6 7 9 |  9.7
Dodging        | 3 4 5 7 |  7.1
Ranged Weapons | 5 6 7 8 9 11 | 11.8
Evocations     | 1 2 3 4 6 7 8 |  8.1
Armour         | 4 5 |  5.5
Stealth        | |  0.8

Action                     |  1- 3 |  4- 6 |  7- 9 | 10-12 || total
---------------------------+-------+-------+-------+-------++-------
  Melee: Battleaxe         |       |    26 |   100 |   112 ||   238
         Falchion          |       |       |    81 |       ||    81
         Punch             |       |       |     3 |       ||     3
         Orcbow            |       |       |     1 |       ||     1
         Unarmed           |       |       |       |     1 ||     1
   Fire: Shortbow          |   101 |   108 |   121 |       ||   330
         Orcbow            |       |       |   199 |   151 ||   350
  Throw: Dart              |       |       |       |     2 ||     2
Ability: Hop               |     2 |     2 |     8 |     7 ||    19
  Evoke: Wand              |       |     9 |     8 |    25 ||    42
         Phial of floods   |       |       |     1 |     3 ||     4
    Use: Scroll            |     1 |     1 |     7 |     2 ||    11
         Potion            |       |       |     1 |       ||     1
   Stab: Paralysed         |       |    11 |     7 |    20 ||    38
 Armour: Leather armour    |    35 |    35 |       |       ||    70
         Ring mail         |       |    11 |    61 |       ||    72
         Troll leather arm |       |       |   177 |   149 ||   326
         Skin              |       |       |       |    14 ||    14
  Dodge: Dodged            |    29 |    52 |   254 |   133 ||   468
